 Dungeon Crawl Stone Soup version 0.27-a0-488-g88baaf19db (webtiles) character file.

Game seed: 2759117884585617516

19 Klosterheim the Sneak (level 2, -3/13 HPs)
             Began as a Spriggan Conjurer on Mar 1, 2021.
             Killed from afar by Sigmund (7 damage)
             ... with a puff of flame
             ... on level 2 of the Dungeon.
             The game lasted 00:02:01 (1180 turns).

Klosterheim the Sneak (Spriggan Conjurer)           Turns: 1180, Time: 00:02:02

Health: -3/13      AC:  2    Str:  3    XL:     2   Next: 55%
Magic:  0/7        EV: 17    Int: 19    God:
Gold:   64         SH:  0    Dex: 13    Spells: 6/7 levels left

rFire    . . .     SeeInvis +   (weapon restricted)
rCold    . . .     Faith    .   (shield restricted)
rNeg     . . .     Spirit   .   a - +0 robe
rPois    .         Reflect  .   (helmet restricted)
rElec    .         Harm     .   (no cloak)
rCorr    .         Rampage  .   (gloves unavailable)
Will     .....                  (boots unavailable)
Stlth    ++........             (no amulet)
HPRegen  0.04/turn              (no ring)
MPRegen  0.10/turn              (no ring)

@: very quick
A: very small, unfitting armour, see invisible, speed 3
a: no special abilities


You were on level 2 of the Dungeon.
You visited 1 branch of the dungeon, and saw 2 of its levels.

You collected 64 gold pieces.

Inventory:

Armour
 a - a +0 robe (worn)
Jewellery
 c - a ring of protection from cold
Scrolls
 b - 2 scrolls of identify {unknown}
 d - a scroll of fog {unknown}


   Skills:
 - Level 3.0 Dodging
 - Level 4.0 Stealth
 + Level 0.7 Unarmed Combat
 - Level 3.0 Spellcasting
 - Level 3.0 Conjurations


You had 6 spell levels left.
You knew the following spells:

 Your Spells              Type           Power        Failure   Level
a - Magic Dart            Conj           56%          4%          1

Your spell library contained the following spells:

 Spells                   Type           Power        Failure   Level
 Searing Ray              Conj           28%          7%          2
 Dazzling Flash           Conj/Hex       16%          24%         3
 Fulminant Prism          Conj/Hex       4%           63%         4
 Iskenderun's Mystic Bla  Conj/Tloc      8%           63%         4


Dungeon Overview and Level Annotations

Branches:
Dungeon (2/15)

Altars:

Annotations:
D:2 Sigmund


Innate Abilities, Weirdness & Mutations

You are very small and have problems with some larger weapons.
You are too small for most types of armour.
You have supernaturally acute eyesight. (SInv)
You cover ground extremely quickly.


Message History

You are too injured to fight recklessly!
You are too injured to fight recklessly!
You are too injured to fight recklessly!
You are too injured to fight recklessly!
You are too injured to fight recklessly!
You are too injured to fight recklessly!
You are too injured to fight recklessly!
You are too injured to fight recklessly!
You are too injured to fight recklessly!
You are too injured to fight recklessly!
You are too injured to fight recklessly!
You are too injured to fight recklessly!
You are too injured to fight recklessly!
You are too injured to fight recklessly!
You are too injured to fight recklessly!
You are too injured to fight recklessly!
You are too injured to fight recklessly!
You are too injured to fight recklessly!
You are too injured to fight recklessly!
You are too injured to fight recklessly!
You are too injured to fight recklessly!
You are too injured to fight recklessly!
You are too injured to fight recklessly!
You are too injured to fight recklessly!
You are too injured to fight recklessly!
You are too injured to fight recklessly!
You are too injured to fight recklessly!
You are too injured to fight recklessly!
You are too injured to fight recklessly!
You are too injured to fight recklessly!
You are too injured to fight recklessly!
You are too injured to fight recklessly!
You are too injured to fight recklessly!
You are too injured to fight recklessly!
You are too injured to fight recklessly!
You are too injured to fight recklessly!
Sigmund points at you and mumbles some strange words.
The puff of flame hits you!
Ouch! That really hurt!
You die...

#.# ###.###
#...
#.##.....#
#.#. #
#.#.....#
#.#. #.
#.......#
#.#. #.#
#@#.@...#
#.#. #.#
##.##.....#
#.#.
#.###.#
###.#.#
#.#. #...##
#.#.###.#.
##@##
#.#.......
#.######.)#
#.#####.#.
..........#
#.# #.##
###.####..#
#.# #.#
#..# #..
..# #..#
###
#..########
#....(....#
##.######.#


You could see Sigmund.

Vanquished Creatures
  A gnoll (D:1)
  A leopard gecko (D:2)
  4 giant cockroaches
  A hobgoblin (D:1)
  A rat (D:2)
8 creatures vanquished.

Notes
Turn   | Place    | Note
-------+----------+-------------------------------------------
     0 | D:1      | Klosterheim the Spriggan Conjurer began the quest for the
                  | Orb.
     0 | D:1      | Reached XP level 1. HP: 9/9 MP: 5/5
   319 | D:1      | Reached XP level 2. HP: 6/13 MP: 0/7
   529 | D:1      | You fall into a shaft and drop 1 floor!
   720 | D:2      | Reached skill level 4 in Stealth
   866 | D:2      | Noticed Sigmund
  1180 | D:2      | Killed from afar by Sigmund

Illustrated notes

Levels and vault maps discovered:
D:1:      minmay_arrival_four_loops, layout_loops_ring
D:2:      layout_loops_ring, uniq_sigmund, uniq_crazy_yiuf_cottage

Skill      XL: |  1  2 |
---------------+-------+-----
Conjurations   | 3 |  3.0
Dodging        | 3 |  3.0
Spellcasting   | 3 |  3.0
Stealth        | 4 |  4.0
Unarmed Combat | |  0.7

Action                   || total
-------------------------++-------
Melee: Unarmed           ||     1
 Cast: Magic Dart        ||    45
Dodge: Dodged            ||     7

Table legend: (Time is in decaauts)
 A = Elapsed time spent in this place.
 B = Non-inter-level travel time spent in this place.
 C = Inter-level travel time spent in this place.
 D = Time resting spent in this place.
 E = Time spent auto-exploring this place.
 F = Levels seen in this place.
 G = Mean time per level.
                   A        B        C        D        E       F      G
               +--------+--------+--------+--------+--------+-----+--------+
         Total |   1000 |    963 |     37 |    611 |    232 |   2 |  500.0 |
       Dungeon |   1000 |    963 |     37 |    611 |    232 |   2 |  500.0 |
               +--------+--------+--------+--------+--------+-----+--------+

Top non-repeatable levels by time:
     D:2: 526 daAuts
     D:1: 474 daAuts
